 Dungeon Crawl Stone Soup version 0.28-a0-1435-g82390b3a13 (webtiles) character file.

Game seed: 14371714516536406748

7595 Gargoyl the Fighter (level 11, -2/89 HPs)
             Began as a Gnoll Abyssal Knight on Jan 9, 2022.
             Was a Priest of Lugonu.
             Slain by an orc warrior (19 damage)
             ... on level 11 of the Dungeon.
             The game lasted 00:13:14 (14436 turns).

Gargoyl the Fighter (Gnoll Abyssal Knight)         Turns: 14436, Time: 00:13:14

Health: -2/89      AC:  6    Str: 17    XL:     11   Next: 17%
Magic:  18/18      EV: 13    Int:  9    God:    Lugonu [***...]
Gold:   777        SH:  0    Dex: 13    Spells: 22/22 levels left

rFire   . . .      SeeInvis .   a - +5 hand axe
rCold   + . .      Faith    .   (no shield)
rNeg    . . .      Spirit   .   g - +0 chain mail
rPois   .          Reflect  .   e - +0 hat of the Game of Kings {rC+ Stlth+}
rElec   .          Harm     .   (no cloak)
rCorr   .          Rampage  .   (no gloves)
Will    .....                   (no boots)
Stlth   +.........              (no amulet)
HPRegen 0.24/turn               h - +4 ring of slaying
MPRegen 0.16/turn               k - +4 ring of evasion

@: slowed, very slow
A: fangs 1, strong nose, distributed training, deformed body, low mp 1,
screaming 2
a: Renounce Religion, Depart the Abyss, Bend Space, Banish


You were on level 11 of the Dungeon.
You worshipped Lugonu.
Lugonu was most pleased with you.
You visited 1 branch of the dungeon, and saw 11 of its levels.
You visited the Abyss 1 time.

You collected 1244 gold pieces.
You spent 467 gold pieces at shops.

Inventory:

Hand Weapons
 a - a +5 hand axe (weapon)
Armour
 e - the +0 hat of the Game of Kings (worn) {rC+ Stlth+}
   (You bought it in a shop on level 5 of the Dungeon)

   rC:        It protects you from cold.
   Stlth:     It makes you more stealthy.
 g - a +0 chain mail (worn)
 o - a +0 helmet
Jewellery
 d - a +6 ring of intelligence
 h - a +4 ring of slaying (left hand)
 k - a +4 ring of evasion (right hand)
Wands
 c - a wand of mindburst (13)
 j - a wand of flame (14)
 t - a wand of paralysis (6)
Scrolls
 b - 5 scrolls of teleportation
 m - 2 scrolls of fog
 p - 4 scrolls of magic mapping
 s - a scroll of enchant weapon
 u - 4 scrolls of identify
Potions
 f - a potion of might
 i - a potion of lignification (quivered)
 l - a potion of ambrosia
 n - 6 potions of curing
 q - a potion of flight
 r - a potion of haste


   Skills:
 + Level 9.0 Fighting
 + Level 6.0 Short Blades
 + Level 6.0 Long Blades
 + Level 7.6 Axes
 + Level 6.0 Maces & Flails
 + Level 6.0 Polearms
 + Level 6.0 Staves
 + Level 6.0 Slings
 + Level 6.0 Bows
 + Level 6.0 Crossbows
 + Level 6.0 Throwing
 + Level 7.6 Armour
 + Level 6.6 Dodging
 + Level 6.0 Stealth
 + Level 6.0 Shields
 + Level 6.0 Unarmed Combat
 + Level 6.0 Spellcasting
 + Level 5.0 Conjurations
 + Level 5.0 Hexes
 + Level 5.0 Summonings
 + Level 5.0 Necromancy
 + Level 5.0 Translocations
 + Level 5.0 Transmutations
 + Level 5.0 Fire Magic
 + Level 5.0 Ice Magic
 + Level 5.0 Air Magic
 + Level 5.0 Earth Magic
 + Level 5.0 Poison Magic
 + Level 8.1 Invocations
 + Level 6.0 Evocations


You had 22 spell levels left.
You didn't know any spells.
Your spell library contained the following spells:

 Spells                   Type           Power      Damage    Failure   Level
 Sublimation of Blood     Necr           11%        N/A       43%         2
 Tukima's Dance           Hex            11%        N/A       67%         3
 Leda's Liquefaction      Hex/Erth       5%         N/A       97%         4
 Passage of Golubria      Tloc           11%        N/A       97%         4
 Petrify                  Tmut/Erth      11%        N/A       97%         4
 Irradiate                Conj/Tmut      5%         3d15      100%        5
 Lee's Rapid Deconstruct  Erth           5%         3d7*      100%        5
 Yara's Violent Unravell  Hex/Tmut       5%         3d4       100%        5
 Statue Form              Tmut/Erth      7%         N/A       100%        6


Dungeon Overview and Level Annotations

Branches:
Dungeon (11/15)            Temple (0/1) D:4            Lair (0/6) D:9
    Orc: D:9-12

Altars:
Dithmenos
Gozag
Nemelex Xobeh
Sif Muna
Wu Jian
Xom
Yredelemnul

Shops:
D:5 :(**

Annotations:
Abyss:1 Maurice


Innate Abilities, Weirdness & Mutations

You have very sharp teeth.
Your uncanny sense of smell can sniff out nearby items.
Your experience applies equally to all skills.
Armour fits poorly on your strangely shaped body.
Your magical capacity is low. (-10% MP)
You frequently scream uncontrollably at your foes.


Message History

The wraith is heavily damaged.
The wraith barely misses you.
The orc warrior hits you but does no damage.
The wraith hits you. The wraith drains your vigour!
You feel as though you will be slow longer.
The orc warrior hits you but does no damage.
You hit the wraith.
The wraith is severely damaged.
The wraith hits you! The wraith drains your vigour!
You feel as though you will be slow longer.
The orc warrior hits you from afar with a +0 trident!
Unknown command.
You hit the wraith but do no damage.
The wraith is severely damaged.
The wraith barely misses you.
The orc warrior hits you from afar with a +0 trident.
The wraith closely misses you. The orc warrior barely misses you.
Unknown command.
You hit the wraith.
The wraith is severely damaged.
The wraith hits you.
The orc warrior hits you from afar with a +0 trident.
You barely miss the wraith. You punch the wraith.
The wraith is almost destroyed.
The wraith hits you! The wraith drains your vigour!
You feel as though you will be slow longer.
The orc warrior hits you from afar with a +0 trident.
The wraith hits you.
* * * LOW HITPOINT WARNING * * *
The wraith drains your vigour!
You feel as though you will be slow longer.
The orc warrior completely misses you.
You hit the wraith but do no damage.
The wraith is almost destroyed.
The wraith hits you!
* * * LOW HITPOINT WARNING * * *
The wraith drains your vigour!
You feel as though you will be slow longer.
The orc warrior hits you from afar with a +0 trident!!
You die...

..............####.###
.#####<##...........#
#.#####.......## ##..#
#........#
.....##...####.#
###.#.#....# .#
........!..# .#
.....(..##### .#
#......ooW@.#
#.......###.....#
#.......# ###..#
##.....## ## #....!.
#...... #...... #....


You could see a wraith, an orc warrior and an orc.

Vanquished Creatures
  Pikel (D:8)
  Joseph (D:8)
  2 trolls (D:9)
  Grinder (D:5)
  A hornet (D:10)
  5 yaks (D:9)
  2 steam dragons (D:9)
  Menkaure (D:4)
  2 water moccasins (D:5)
  A black bear (D:7)
  3 orc warriors
  2 sky beasts
  2 ogres (D:5)
  A centaur (D:7)
  A phantom (D:7)
  2 lemures (D:8)
  2 bullfrogs
  10 killer bees
  A howler monkey (D:6)
  3 centaur zombies
  2 bullfrog zombies (D:5)
  2 hounds
  12 orc priests
  A bullfrog skeleton (D:5)
  A centaur skeleton (D:4)
  Ijyb (D:3)
  7 orc wizards
  A hound skeleton (D:4)
  Robin (D:3)
  6 adders
  A shadow imp (D:8)
  A white imp (D:7)
  A worm (D:3)
  3 dart slugs
  36 orcs
  11 ball pythons
  6 bats
  10 endoplasms
  4 giant cockroaches
  16 goblins
  13 hobgoblins
  9 jackals
  6 quokkas
  4 frilled lizards
  8 kobolds
  5 rats
  A spectral orc (D:5)
213 creatures vanquished.

Vanquished Creatures (collateral kills)
  A hornet (D:9)
1 creature vanquished.

Grand Total: 214 creatures vanquished

Notes
Turn   | Place    | Note
-------+----------+-------------------------------------------
     0 | Abyss:1  | Gargoyl the Gnoll Abyssal Knight began the quest for the
                  | Orb.
     0 | Abyss:1  | Reached XP level 1. HP: 23/23 MP: 3/3
    58 | Abyss:2  | Found a shimmering altar of Xom.
    89 | Abyss:2  | Noticed a hell hog
    90 | D:1      | Escaped the Abyss
   219 | D:1      | Reached * piety under Lugonu
   312 | D:1      | Reached XP level 2. HP: 29/29 MP: 5/5
   341 | D:1      | Found a faded altar of an unknown god.
   523 | D:1      | Reached XP level 3. HP: 35/35 MP: 6/6
   919 | D:2      | Found a shimmering altar of Xom.
  1137 | D:2      | Reached ** piety under Lugonu
  1150 | D:2      | Reached skill level 1 in Short Blades
  1150 | D:2      | Reached skill level 1 in Long Blades
  1150 | D:2      | Reached skill level 1 in Maces & Flails
  1150 | D:2      | Reached skill level 1 in Polearms
  1150 | D:2      | Reached skill level 1 in Staves
  1150 | D:2      | Reached skill level 1 in Slings
  1150 | D:2      | Reached skill level 1 in Bows
  1150 | D:2      | Reached skill level 1 in Crossbows
  1150 | D:2      | Reached skill level 1 in Throwing
  1150 | D:2      | Reached skill level 1 in Stealth
  1150 | D:2      | Reached skill level 1 in Shields
  1150 | D:2      | Reached skill level 1 in Unarmed Combat
  1150 | D:2      | Reached skill level 1 in Spellcasting
  1150 | D:2      | Reached skill level 1 in Evocations
  1306 | D:2      | Reached XP level 4. HP: 36/41 MP: 7/7
  1929 | D:3      | Noticed Ijyb
  1949 | D:3      | Killed Ijyb
  1950 | D:3      | Reached skill level 1 in Conjurations
  1950 | D:3      | Reached skill level 1 in Hexes
  1950 | D:3      | Reached skill level 1 in Summonings
  1950 | D:3      | Reached skill level 1 in Necromancy
  1950 | D:3      | Reached skill level 1 in Translocations
  1950 | D:3      | Reached skill level 1 in Transmutations
  1950 | D:3      | Reached skill level 1 in Fire Magic
  1950 | D:3      | Reached skill level 1 in Ice Magic
  1950 | D:3      | Reached skill level 1 in Air Magic
  1950 | D:3      | Reached skill level 1 in Earth Magic
  1950 | D:3      | Reached skill level 1 in Poison Magic
  2330 | D:3      | Found a shadowy altar of Dithmenos.
  2756 | D:3      | Reached XP level 5. HP: 34/47 MP: 8/8
  2981 | D:3      | Noticed Robin
  3012 | D:3      | Killed Robin
  3169 | D:4      | Identified a scroll of acquirement
  3169 | D:4      | Acquired 931 gold pieces
  3261 | D:4      | Reached *** piety under Lugonu
  3313 | D:4      | Reached skill level 5 in Invocations
  3419 | D:4      | Found a sparkling altar of Nemelex Xobeh.
  3462 | D:4      | Noticed Menkaure
  3471 | D:4      | Killed Menkaure
  3472 | D:4      | Reached skill level 5 in Axes
  3472 | D:4      | Reached skill level 5 in Armour
  3472 | D:4      | Reached XP level 6. HP: 20/53 MP: 9/9
  4127 | D:4      | Found a staircase to the Ecumenical Temple.
  4173 | D:5      | Entered Level 5 of the Dungeon
  4173 | D:5      | Found Evahufoxt's Book Shop.
  4190 | D:5      | Noticed a sky beast
  4193 | D:5      | Reached XP level 7. HP: 59/59 MP: 10/10
  4201 | D:5      | Reached skill level 7 in Fighting
  4249 | D:5      | Found Plog's Assorted Antiques.
  4758 | D:5      | Bought a scroll of teleportation for 75 gold pieces
  4758 | D:5      | Bought a spiked hat for 225 gold pieces
  4758 | D:5      | Identified the +0 hat of the Game of Kings {rC+ Stlth+}
                  | (You bought it in a shop on level 5 of the Dungeon)
  4758 | D:5      | Bought a dented zirconium amulet for 125 gold pieces
  4796 | D:5      | Noticed Grinder
  4801 | D:5      | Found Socrepim's Weapon Shoppe.
  4815 | D:5      | Killed Grinder
  4816 | D:5      | Reached XP level 8. HP: 41/67 MP: 12/12
  5257 | D:5      | Found Faedea's General Store.
  5260 | D:5      | Bought a potion of curing for 42 gold pieces
  5702 | D:5      | Found a basalt altar of Yredelemnul.
  6312 | D:6      | Found an ornate altar of the Wu Jian Council.
  6829 | D:7      | Reached **** piety under Lugonu
  6869 | D:7      | Reached XP level 9. HP: 36/72 MP: 14/14
  7532 | D:7      | Found a shimmering blue altar of Sif Muna.
  8166 | D:8      | Reached skill level 5 in Dodging
  8865 | D:8      | Noticed Maurice
  8875 | D:8      | Noticed Pikel
  9040 | D:8      | Reached skill level 8 in Fighting
  9251 | D:8      | Killed Pikel
  9253 | D:8      | Banished Maurice
  9254 | D:8      | Reached XP level 10. HP: 32/80 MP: 11/17
  9602 | D:8      | Noticed Joseph
  9606 | D:8      | Killed Joseph
  9607 | D:8      | Reached skill level 5 in Short Blades
  9607 | D:8      | Reached skill level 5 in Long Blades
  9607 | D:8      | Reached skill level 5 in Maces & Flails
  9607 | D:8      | Reached skill level 5 in Polearms
  9607 | D:8      | Reached skill level 5 in Staves
  9607 | D:8      | Reached skill level 5 in Slings
  9607 | D:8      | Reached skill level 5 in Bows
  9607 | D:8      | Reached skill level 5 in Crossbows
  9607 | D:8      | Reached skill level 5 in Throwing
  9607 | D:8      | Reached skill level 5 in Stealth
  9607 | D:8      | Reached skill level 5 in Shields
  9607 | D:8      | Reached skill level 5 in Unarmed Combat
  9607 | D:8      | Reached skill level 5 in Spellcasting
  9607 | D:8      | Reached skill level 5 in Evocations
 10032 | D:9      | Gained mutation: You have hidden genetic defects. [potion
                  | of mutation]
 10032 | D:9      | Gained mutation: You have supernaturally acute eyesight.
                  | (SInv) [potion of mutation]
 10941 | D:8      | HP: 4/82 [poisoned by a killer bee]
 10949 | D:8      | Gained mutation: You occasionally shout uncontrollably at
                  | your foes. [hidden defects]
 12203 | D:9      | Found a staircase to the Lair.
 12332 | D:9      | Identified the +1 ring mail of Fortification {rElec Will-
                  | rCorr}
 12353 | D:9      | Gained mutation: You sometimes lose the ability to read
                  | scrolls when taking damage. [hidden defects]
 12353 | D:9      | Lost mutation: You have hidden genetic defects. [hidden
                  | defects expressed]
 12701 | D:10     | Entered Level 10 of the Dungeon
 12702 | D:10     | Lost mutation: You have supernaturally acute eyesight.
                  | (SInv) [potion of mutation]
 12702 | D:10     | Lost mutation: You sometimes lose the ability to read
                  | scrolls when taking damage. [potion of mutation]
 12702 | D:10     | Gained mutation: Your magical capacity is low. (-10% MP)
                  | [potion of mutation]
 12702 | D:10     | Gained mutation: You frequently scream uncontrollably at
                  | your foes. [potion of mutation]
 12702 | D:10     | Gained mutation: Armour fits poorly on your strangely
                  | shaped body. [potion of mutation]
 12723 | D:10     | Found an opulent altar of Gozag.
 12788 | D:10     | Reached XP level 11. HP: 50/87 MP: 17/17
 12966 | D:10     | Noticed a tengu warrior
 12967 | D:10     | Noticed a cyclops
 13262 | D:10     | Banished a tengu warrior
 13263 | D:10     | Reached skill level 9 in Fighting
 13263 | D:10     | Reached skill level 5 in Conjurations
 13263 | D:10     | Reached skill level 5 in Hexes
 13263 | D:10     | Reached skill level 5 in Summonings
 13263 | D:10     | Reached skill level 5 in Necromancy
 13263 | D:10     | Reached skill level 5 in Translocations
 13263 | D:10     | Reached skill level 5 in Transmutations
 13263 | D:10     | Reached skill level 5 in Fire Magic
 13263 | D:10     | Reached skill level 5 in Ice Magic
 13263 | D:10     | Reached skill level 5 in Air Magic
 13263 | D:10     | Reached skill level 5 in Earth Magic
 13263 | D:10     | Reached skill level 5 in Poison Magic
 13863 | D:10     | Noticed a centaur warrior
 14436 | D:11     | Slain by an orc warrior

Illustrated notes

Levels and vault maps discovered:
D:1:      zelgadis_glass_arrival_large, layout_basic,
          hellmonk_ecumenical_altar_lost_god, minmay_crystal_room
D:2:      layout_rooms, basic_altar, minmay_heptomino_w4
D:3:      minmay_octagon_keep, layout_basic, lemuel_doored_altar, uniq_robin,
          uniq_ijyb
D:4:      layout_cave_pools, nemelex_xobeh_ov_fountains_minmay, temple_green,
          skrybe_limestone_x, uniq_menkaure
D:5:      layout_gridville, yredelemnul_forgotten_temple_becter, serial_shops,
          nicolae_shop_hallway_plus, nicolae_stop_n_shop_1,
          kennysheep_mini_moat, nicolae_shop_trees, uniq_grinder
D:6:      layout_loops_cross, nzn_wu_jian_contemplation
D:7:      layout_loops_ring, led_sif_pool
D:8:      layout_loops_ring, minmay_orc_keep, uniq_pikel, uniq_maurice,
          uniq_joseph
D:9:      layout_roguey, kennysheep_generic_room_3
D:10:     minmay_tri_box, layout_basic, vehumet_statue,
          mainiacjoe_overflow_24_doors, ashenzari_altar_1
D:11:     layout_rooms, uniq_erica

Skill      XL: |  1  2  3  4  5  6  7  8  9 10 11 |
---------------+----------------------------------+-----
Short Blades   | 1 2 3 4 5 6 |  6.0
Long Blades    | 1 2 3 4 5 6 |  6.0
Maces & Flails | 1 2 3 4 5 6 |  6.0
Polearms       | 1 2 3 4 5 6 |  6.0
Staves         | 1 2 3 4 5 6 |  6.0
Slings         | 1 2 3 4 5 6 |  6.0
Bows           | 1 2 3 4 5 6 |  6.0
Crossbows      | 1 2 3 4 5 6 |  6.0
Throwing       | 1 2 3 4 5 6 |  6.0
Stealth        | 1 2 3 4 5 6 |  6.0
Shields        | 1 2 3 4 5 6 |  6.0
Unarmed Combat | 1 2 3 4 5 6 |  6.0
Spellcasting   | 1 2 3 4 5 6 |  6.0
Evocations     | 1 2 3 4 5 6 |  6.0
Conjurations   | 1 2 3 4 5 |  5.0
Hexes          | 1 2 3 4 5 |  5.0
Summonings     | 1 2 3 4 5 |  5.0
Necromancy     | 1 2 3 4 5 |  5.0
Translocations | 1 2 3 4 5 |  5.0
Transmutations | 1 2 3 4 5 |  5.0
Fire Magic     | 1 2 3 4 5 |  5.0
Ice Magic      | 1 2 3 4 5 |  5.0
Air Magic      | 1 2 3 4 5 |  5.0
Earth Magic    | 1 2 3 4 5 |  5.0
Poison Magic   | 1 2 3 4 5 |  5.0
Dodging        | 3 4 5 6 |  6.6
Invocations    | 5 6 7 8 |  8.1
Axes           | 5 6 7 |  7.6
Armour         | 5 6 7 |  7.6
Fighting       | 7 8 9 |  9.0

Action                   |  1- 3 |  4- 6 |  7- 9 | 10-12 || total
-------------------------+-------+-------+-------+-------++-------
Melee: Hand axe          |   100 |   147 |   268 |   145 ||   660
       Bite              |     9 |    16 |    35 |    26 ||    86
       Punch             |     2 |     1 |     3 |    12 ||    18
Invok: Depart the Abyss  |     1 |       |       |       ||     1
       Banish            |       |       |     2 |     4 ||     6
Evoke: Wand              |       |     1 |     8 |     6 ||    15
  Use: Scroll            |     2 |     9 |     7 |     6 ||    24
       Potion            |       |     2 |     7 |     3 ||    12
 Stab: Sleeping          |     1 |       |       |       ||     1
Armor: Leather armour    |    52 |       |       |       ||    52
       Ring mail         |       |    60 |     5 |       ||    65
       Chain mail        |       |       |   103 |    70 ||   173
       Skin              |       |       |    25 |       ||    25
Dodge: Dodged            |    95 |    91 |   125 |   138 ||   449

Table legend: (Time is in decaauts)
 A = Elapsed time spent in this place.
 B = Non-inter-level travel time spent in this place.
 C = Inter-level travel time spent in this place.
 D = Time resting spent in this place.
 E = Time spent auto-exploring this place.
 F = Levels seen in this place.
 G = Mean time per level.
                   A        B        C        D        E       F      G
               +--------+--------+--------+--------+--------+-----+--------+
         Total |  14458 |  14174 |    284 |   3096 |   9262 |  13 | 1112.2 |
       Dungeon |  14369 |  14085 |    284 |   3096 |   9184 |  11 | 1306.3 |
         Abyss |     89 |     89 |      0 |      0 |     78 |   2 |   44.5 |
               +--------+--------+--------+--------+--------+-----+--------+

Top non-repeatable levels by time:
     D:9: 2672 daAuts
     D:8: 2463 daAuts
     D:5: 1712 daAuts
     D:7: 1378 daAuts
     D:3: 1376 daAuts
     D:4: 1076 daAuts
     D:2: 974 daAuts
     D:1: 826 daAuts
     D:6: 735 daAuts
    D:10: 587 daAuts
    D:11: 565 daAuts
 Abyss:1: 45 daAuts
 Abyss:2: 44 daAuts
